 Dungeon Crawl Stone Soup version 0.22.1-1-ga44c0e5 (webtiles) character file.

64915 Stepladder the Severer (level 15, -1/134 HPs)
             Began as a Hill Orc Abyssal Knight on Nov 7, 2018.
             Was a High Priest of Lugonu.
             Slain by a naga warrior
             ... wielding a +0 trident
              (18 damage)
             ... on level 1 of the Snake Pit on Nov 9, 2018.
             The game lasted 02:31:21 (34485 turns).

Stepladder the Severer (Hill Orc Abyssal Knight)   Turns: 34485, Time: 02:31:22

Health: -1/134     AC: 24    Str: 20    XL:     15   Next: 14%
Magic:  0/24       EV:  9    Int: 12    God:    Lugonu [*****.]
Gold:   152        SH: 11    Dex: 12    Spells: 1/14 levels left

rFire    + + +     SeeInvis +   y - +3 broad axe (freeze)
rCold    . . .     Gourm    .   z - +0 shield {rPois}
rNeg     . . .     Faith    .   d - +6 fire dragon scales
rPois    +         Spirit   +   S - +0 hat {SInv}
rElec    .         Reflect  .   W - +2 cloak
rCorr    .         Harm     .   V - +0 pair of gloves
MR       ++...                  (no boots)
Stlth    ..........             Z - amulet of guardian spirit
HPRegen  0.32/turn              w - ring "Mileg" {+Blink rF+ MR+ SInv}
MPRegen  0.19/turn              q - ring of protection from cold

@: lethally poisoned (-1 -> -2)
A: no striking features
a: Depart the Abyss, Bend Space, Banish, Corrupt, Enter the Abyss, Renounce
Religion, Evoke Blink


You were on level 1 of the Snake Pit.
You worshipped Lugonu.
Lugonu was extremely pleased with you.
You were very hungry.

You visited 5 branches of the dungeon, and saw 23 of its levels.
You visited the Abyss 1 time.

You collected 2314 gold pieces.
You spent 2162 gold pieces at shops.

Inventory:

Hand Weapons
 h - a +0 blowgun
 v - the +4 spear of Qaojewk {pierce, *Corrode Str+3 Int+7}
   (You found it on level 6 of the Dungeon)

   It inflicts extra damage upon your enemies.
   It affects your strength (+3).
   It affects your intelligence (+7).
   It may corrode you when you take damage.
 y - a +3 broad axe of freezing (weapon)
Missiles
 r - 8 tomahawks
 s - 33 poisoned needles
 u - 2 curare-tipped needles
 K - 2 silver tomahawks
 T - 5 javelins (quivered)
Armour
 d - +6 fire dragon scales (worn)
 t - a +1 scale mail of fire resistance
 z - a +0 shield of poison resistance (worn)
 E - a +1 helmet
 H - the cursed -4 cloak of Impressiveness {MR++ Dex+6}
   (You found it on level 8 of the Dungeon)

   It affects your dexterity (+6).
   It affects your resistance to hostile enchantments.
   It has a curse placed upon it.
 S - a +0 hat of see invisible (worn)
 V - a +0 pair of gloves (worn)
 W - a +2 cloak (worn)
Jewellery
 a - a +3 ring of protection
 n - an uncursed ring of magical power
 q - a ring of protection from cold (right hand)
 w - the ring "Mileg" (left hand) {+Blink rF+ MR+ SInv}
   (You bought it in a shop on level 2 of the Orcish Mines)

   [ring of see invisible]

   It protects you from fire.
   It affects your resistance to hostile enchantments.
   It lets you see invisible.
   It lets you blink.
 I - an uncursed ring of fire
 Z - an amulet of guardian spirit (around neck)
Wands
 b - a wand of digging (6)
 f - a wand of iceblast (14)
 k - a wand of acid (12)
Scrolls
 e - 3 scrolls of teleportation
 o - 2 scrolls of amnesia
 B - 7 scrolls of remove curse
 C - a scroll of identify
 D - 2 scrolls of fog
 F - 4 scrolls of blinking
 L - a scroll of fear
Potions
 i - 5 potions of brilliance
 j - 3 potions of magic
 l - a potion of ambrosia
 m - 8 potions of heal wounds
 A - 2 potions of might
 G - 3 potions of lignification
 J - a potion of resistance
 N - 2 potions of curing
 R - 5 potions of haste
 U - a potion of berserk rage
Comestibles
 c - 35 rations


   Skills:
 - Level 12.4 Fighting
 + Level 16.9 Axes
 - Level 14.2 Armour
 - Level 2.8 Dodging
 * Level 7.4 Shields
 - Level 4.1 Hexes
 - Level 7.8 Summonings
 - Level 2.4 Ice Magic
 - Level 12.7 Invocations


You had one spell level left.
You knew the following spells:

 Your Spells              Type           Power        Failure   Level  Hunger
a - Summon Ice Beast      Ice/Summ       ##......     95%         4    #####..
b - Summon Mana Viper     Hex/Summ       ##......     99%         5    ######.
c - Call Canine Familiar  Summ           ###.....     28%         3    ####...
x - Summon Butterflies    Summ           ###.....     10%         1    ##.....

Your spell library contained the following spells:

 Spells                   Type           Power        Failure   Level  Hunger
 Flame Tongue             Conj/Fire      #....        92%         1    ##.....
 Inner Flame              Hex/Fire       #.......     96%         3    ####...
 Throw Flame              Conj/Fire      #.....       98%         2    ###....
 Conjure Flame            Conj/Fire      #.......     100%        3    ####...
 Sticky Flame             Conj/Fire      #.......     100%        4    #####..
 Fireball                 Conj/Fire      #.........   100%        5    ######.
 Summon Hydra             Summ           ###.......   100%        7    #######


Dungeon Overview and Level Annotations

Branches:
Dungeon (13/15)            Temple (1/1) D:5            Lair (6/6) D:11
 Shoals (0/4) Lair:3        Snake (1/4) Lair:2        Slime (0/5) Lair:6
    Orc (2/2) D:10            Elf (0/3) Orc:2        Vaults (0/5) D:13

Altars:
Cheibriados
Dithmenos
Elyvilon
Fedhas
Kikubaaqudgha
Nemelex Xobeh
Qazlal
Ru
Xom
Zin
The Shining One
Beogh

Shops:
Orc:2 *?*=*

Annotations:
D:4 Grinder
D:7 2 transporters, Tommers's ghost, novice MiAK
D:13 3 runed doors, LazyFox's ghost, journeyman GrEE
Abyss:1 Erica; Nessos; Snorg


Message History

Lugonu claims a new guest.
You are feeling very hungry.
The naga warrior hits you with a trident.
* * * LOW HITPOINT WARNING * * *
x2 The naga warrior constricts you.
Unknown command.
The naga warrior blocks your attack.
The naga warrior is moderately wounded.
You feel sick. You block the naga warrior's attack.
* * * LOW HITPOINT WARNING * * *
The naga warrior constricts you.
You completely miss the naga warrior.
The naga warrior is moderately wounded.
The naga warrior barely misses you. The naga warrior constricts you.
The naga warrior blocks your attack.
The naga warrior is moderately wounded.
You don't have enough magic at the moment.
You escape the naga warrior's grasp.
The naga warrior hits you with a trident!!
You die...

### #####
##.###...######### ..
##...@N.)....(....## ...
##....§####.......#.##
....#....§.# ##.#######.##
........)§.## #.# #..#
#...........# #### #..#
##..........###..#### #...
#..........#.#.....####...
#...........##.......##...
#.#.........#.....$.....#.


You could see a naga warrior.

Vanquished Creatures
  Gastronok (Lair:3)
  A nagaraja (Snake:1)
  Azrael (D:13)
  Josephine (D:13)
  4 vault guards (D:13)
  A naga warrior (Snake:1)
  2 centaur warriors (D:13)
  2 anacondas (Snake:1)
  A tengu warrior (D:11)
  A naga sharpshooter (Snake:1)
  A shock serpent (Snake:1)
  2 unseen horrors
  3 mana vipers (Snake:1)
  8 orc sorcerers (Orc:2)
  An ugly thing (D:11)
  An orc knight (D:10)
  A manticore (D:13)
  4 cyclopes
  2 salamanders (Snake:1)
  7 elephants
  9 black mambas
  A guardian serpent (Snake:1)
  6 spiny frogs
  2 naga magi (Snake:1)
  Psyche (D:9)
  An efreet (D:9)
  3 komodo dragons
  2 rime drakes
  A queen bee (Lair:2)
  4 trolls
  7 slime creatures
  5 hippogriffs
  17 blink frogs
  2 wyverns
  42 yaks
  6 wraiths
  2 fire elementals
  2 basilisks
  3 hungry ghosts
  4 vampire mosquitoes (D:13)
  2 soldier ants (D:13)
  6 wargs (Orc:2)
  10 nagas
  An acid dragon (D:12)
  9 water moccasins
  4 hell hounds
  9 porcupines
  12 ice beasts
  4 orc warriors
  A necrophage (D:5)
  4 sky beasts
  A hornet zombie (D:13)
  A black bear (Lair:1)
  4 ogres
  3 wolves (Lair:5)
  9 centaurs
  13 crocodiles
  A big kobold (D:10)
  A wyvern zombie (D:13)
  12 bullfrogs
  A gnoll sergeant (D:9)
  2 scorpions
  31 killer bees
  4 wights (D:10)
  A vampire bat (D:6)
  4 howler monkeys
  13 crimson imps
  A centaur zombie (D:7)
  A quasit (D:7)
  5 hounds
  3 jellies
  15 orc priests
  A centaur skeleton (D:6)
  A bullfrog skeleton (D:5)
  3 iguanas
  Ijyb (D:5)
  38 orc wizards
  8 worker ants
  A hell rat (Lair:6)
  A killer bee zombie (D:6)
  A hound zombie (D:7)
  A hound skeleton (D:4)
  15 gnolls
  12 adders
  6 shadow imps
  An ooze (D:5)
  An adder zombie (D:7)
  2 worms
  2 dart slugs
  5 leopard geckos
  52 orcs
  5 giant cockroaches
  8 goblins
  8 hobgoblins
  3 quokkas
  3 ball pythons
  13 bats
  5 frilled lizards
  15 kobolds
  10 rats
  2 fungi
577 creatures vanquished.

Vanquished Creatures (collateral kills)
  A naga ritualist (Snake:1)
  A mana viper (Snake:1)
  A black mamba (Snake:1)
  A yak (D:11)
  A bullfrog skeleton (D:13)
5 creatures vanquished.

Vanquished Creatures (others)
  3 hydras
  A shock serpent (Snake:1)
  A manticore (D:11)
  A naga (Snake:1)
  A howler monkey zombie (D:9)
  An adder zombie (D:9)
  An orc (Orc:2)
  6 fungi
  A plant (Lair:2)
  4 toadstools (D:1)
20 creatures vanquished.

Grand Total: 602 creatures vanquished

Notes
Turn   | Place    | Note
-------+----------+-------------------------------------------
     0 | Abyss:1  | Stepladder the Hill Orc Abyssal Knight began the quest for
                  | the Orb.
     0 | Abyss:1  | Reached XP level 1. HP: 19/19 MP: 2/2
    42 | Abyss:1  | Noticed an apocalypse crab
    46 | Abyss:1  | Paralysed by you for 5 turns
    53 | D:1      | Escaped the Abyss
   426 | D:1      | Reached * piety under Lugonu
   426 | D:1      | Reached skill level 3 in Axes
   426 | D:1      | Reached XP level 2. HP: 27/27 MP: 4/4
   809 | D:1      | Reached XP level 3. HP: 33/33 MP: 5/5
  1498 | D:2      | Reached XP level 4. HP: 38/40 MP: 6/6
  1532 | D:2      | Reached ** piety under Lugonu
  1675 | D:2      | Found a shadowy altar of Dithmenos.
  2283 | D:2      | Reached skill level 4 in Axes
  2364 | D:3      | Reached XP level 5. HP: 42/47 MP: 7/7
  2552 | D:3      | Reached skill level 5 in Fighting
  2797 | D:3      | Found a shimmering altar of Xom.
  2894 | D:3      | Paralysed by a crimson imp for 7 turns
  3229 | D:3      | Reached skill level 5 in Axes
  3229 | D:3      | Reached XP level 6. HP: 56/56 MP: 8/8
  3547 | D:4      | Found a stormy altar of Qazlal.
  3560 | D:4      | Found a sparkling altar of Nemelex Xobeh.
  3562 | D:4      | Found a snail-covered altar of Cheibriados.
  3971 | D:4      | Found a blossoming altar of Fedhas.
  4024 | D:4      | Noticed Grinder
  4731 | D:5      | Entered Level 5 of the Dungeon
  4762 | D:5      | Reached XP level 7. HP: 61/61 MP: 10/10
  4827 | D:5      | Reached skill level 6 in Axes
  4827 | D:5      | Reached skill level 5 in Armour
  4827 | D:5      | Reached skill level 5 in Invocations
  5292 | D:5      | Noticed Ijyb
  5408 | D:5      | Killed Ijyb
  5866 | D:5      | Found a staircase to the Ecumenical Temple.
  5899 | Temple   | Entered the Ecumenical Temple
  5929 | D:6      | Reached XP level 8. HP: 67/70 MP: 11/11
  6046 | D:6      | Reached skill level 7 in Axes
  6831 | D:6      | Got an ichor-stained spear
  6987 | D:6      | Reached skill level 8 in Axes
  6996 | D:6      | Reached *** piety under Lugonu
  7896 | D:7      | Found a transporter.
  7902 | D:7      | Reached XP level 9. HP: 61/78 MP: 13/13
  8024 | D:7      | Found a transporter.
  8024 | D:7      | Noticed Tommers's ghost (novice MiAK)
  8026 | D:7      | Reached skill level 1 in Dodging
  8033 | D:7      | Reached skill level 9 in Axes
  9850 | D:8      | Reached skill level 10 in Axes
 10513 | D:8      | Got a heavily runed cloak
 10614 | D:9      | Noticed Erica
 10614 | D:9      | Noticed a troll
 10629 | D:8      | Banished Erica
 10629 | D:8      | Reached XP level 10. HP: 86/86 MP: 16/16
 10884 | D:9      | Reached skill level 11 in Axes
 10926 | D:9      | You fall through a shaft!
 10926 | D:10     | Entered Level 10 of the Dungeon
 10930 | D:10     | Reached **** piety under Lugonu
 11081 | D:10     | HP: 4/86 [poisoned by a killer bee]
 11089 | D:10     | HP: 4/86 [poisoned by a killer bee]
 11097 | D:10     | HP: 4/86 [poisoned by a killer bee]
 11619 | D:10     | Noticed Snorg
 11620 | D:10     | Banished Snorg
 11620 | D:10     | Reached skill level 10 in Armour
 11620 | D:10     | Reached skill level 10 in Invocations
 12070 | D:9      | Noticed a fire dragon
 12089 | D:10     | Reached skill level 12 in Axes
 12206 | D:10     | Found a staircase to the Orcish Mines.
 12970 | D:10     | Identified the cursed -4 cloak of Impressiveness {MR++
                  | Dex+6} (You found it on level 8 of the Dungeon)
 13283 | D:9      | Noticed Psyche
 13289 | D:9      | Killed Psyche
 13289 | D:9      | Reached XP level 11. HP: 92/93 MP: 19/19
 13786 | D:9      | Found a glowing silver altar of Zin.
 13993 | D:11     | Found a staircase to the Lair.
 14092 | D:11     | Identified the +4 spear of Qaojewk {pierce, *Corrode Str+3
                  | Int+7} (You found it on level 6 of the Dungeon)
 14127 | D:11     | Noticed a six-headed hydra
 14288 | Lair:1   | Entered Level 1 of the Lair of Beasts
 14937 | Lair:1   | Reached skill level 13 in Axes
 15899 | Lair:2   | Found a staircase to the Snake Pit.
 17175 | Lair:2   | Learned a level 1 spell: Summon Butterflies
 17179 | Lair:2   | Learned a level 3 spell: Call Canine Familiar
 17213 | Lair:2   | Found an ancient bone altar of Kikubaaqudgha.
 17468 | Lair:3   | Noticed Gastronok
 17497 | Lair:3   | Reached skill level 10 in Fighting
 17525 | Lair:3   | Killed Gastronok
 17525 | Lair:3   | Reached skill level 14 in Axes
 17525 | Lair:3   | Reached XP level 12. HP: 38/106 MP: 20/20
 18009 | Lair:3   | Found a staircase to the Shoals.
 18735 | Lair:3   | Reached skill level 1 in Shields
 21467 | Lair:6   | Entered Level 6 of the Lair of Beasts
 21516 | Lair:5   | Reached skill level 5 in Summonings
 21810 | Lair:5   | Reached skill level 15 in Axes
 21889 | Lair:5   | Reached XP level 13. HP: 98/113 MP: 21/21
 21943 | Lair:5   | Reached ***** piety under Lugonu
 22416 | Lair:6   | Learned a level 4 spell: Summon Ice Beast
 23781 | Lair:6   | Found a staircase to the Slime Pits.
 24630 | D:11     | Reached skill level 16 in Axes
 26760 | D:13     | Noticed Azrael
 26776 | D:12     | Reached skill level 1 in Ice Magic
 26896 | D:13     | Found a runed gate.
 26896 | D:13     | Found a runed gate.
 26896 | D:13     | Found a runed gate.
 27325 | D:12     | Reached XP level 14. HP: 99/122 MP: 22/22
 27443 | D:13     | Killed Azrael
 27575 | D:13     | Learned a level 5 spell: Summon Mana Viper
 27740 | D:13     | Noticed Nessos
 27747 | D:13     | Banished Nessos
 28051 | D:13     | Reached skill level 1 in Hexes
 28325 | D:13     | Found a gate to the Vaults.
 28835 | D:13     | Noticed Josephine
 29149 | D:13     | Killed Josephine
 29452 | D:13     | Noticed LazyFox's ghost (journeyman GrEE)
 29586 | Orc:1    | Entered Level 1 of the Orcish Mines
 29920 | Orc:1    | Found a roughly hewn altar of Beogh.
 30081 | Orc:2    | Entered Level 2 of the Orcish Mines
 30325 | Orc:2    | Found a staircase to the Elven Halls.
 30962 | Orc:2    | Found Pepnan's Assorted Antiques.
 31000 | Orc:2    | Bought a scroll of identify for 66 gold pieces
 31000 | Orc:2    | Bought a scroll of identify for 66 gold pieces
 31000 | Orc:2    | Bought a glowing helmet for 247 gold pieces
 31000 | Orc:2    | Bought a scroll of teleportation for 99 gold pieces
 31971 | Orc:2    | Found Awkyqila's Jewellery Shop.
 31989 | Orc:2    | Bought an uncursed ring of protection from cold for 325
                  | gold pieces
 31989 | Orc:2    | Bought the ring "Mileg" {+Blink rF+ MR+ SInv} for 540 gold
                  | pieces
 31997 | Orc:2    | Found Zoiqio Huxt's Assorted Antiques.
 32125 | Orc:2    | Bought a scroll of enchant weapon for 255 gold pieces
 32125 | Orc:2    | Bought a scroll of identify for 68 gold pieces
 32125 | Orc:2    | Bought a potion of heal wounds for 170 gold pieces
 32146 | Orc:2    | Found a roughly hewn altar of Beogh.
 32174 | Orc:2    | Found Niomig's General Store.
 32174 | Orc:2    | Found Acvis's Magic Scroll Shoppe.
 32187 | Orc:2    | Bought a scroll of enchant armour for 112 gold pieces
 32187 | Orc:2    | Bought a scroll of enchant armour for 112 gold pieces
 32211 | Orc:2    | Bought a +0 shield of poison resistance for 102 gold pieces
 32334 | Orc:2    | Paralysed by an orc sorcerer for 2 turns
 32661 | Snake:1  | Entered Level 1 of the Snake Pit
 33082 | Snake:1  | Reached skill level 5 in Shields
 33371 | Snake:1  | Noticed a nagaraja
 33637 | Snake:1  | Killed a nagaraja
 33881 | Snake:1  | Reached XP level 15. HP: 68/134 MP: 17/24
 34485 | Snake:1  | Slain by a naga warrior

Skill      XL: |  1  2  3  4  5  6  7  8  9 10 11 12 13 14 15 |
---------------+----------------------------------------------+-----
Axes           | 3 4 5 6 8 10 12 14 15 16 | 16.9
Invocations    | 3 4 5 6 8 10 11 12 | 12.7
Fighting       | 4 5 6 7 10 12 | 12.4
Armour         | 3 4 5 7 9 10 11 12 13 14 | 14.2
Dodging        | 1 2 |  2.8
Summonings     | 2 5 7 |  7.8
Shields        | 4 6 7 |  7.4
Ice Magic      | 2 |  2.4
Hexes          | 4 |  4.1

Action                   |  1- 3 |  4- 6 |  7- 9 | 10-12 | 13-15 || total
-------------------------+-------+-------+-------+-------+-------++-------
Melee: Hand axe          |    96 |   276 |   192 |       |       ||   564
       Unarmed           |       |     2 |       |       |       ||     2
       War axe           |       |       |   214 |   828 |   841 ||  1883
       Spear             |       |       |       |       |     9 ||     9
       Broad axe         |       |       |       |       |   370 ||   370
 Fire: Blowgun           |       |       |    15 |     5 |     3 ||    23
Throw: Stone             |    13 |    12 |       |       |       ||    25
       Javelin           |       |       |       |     3 |     7 ||    10
 Cast: Call Canine Famil |       |       |       |       |    33 ||    33
       Summon Butterflie |       |       |       |       |     1 ||     1
Invok: Depart the Abyss  |     1 |       |       |       |       ||     1
       Bend Space        |       |     2 |     2 |     1 |       ||     5
       Banish            |       |       |       |     2 |    12 ||    14
Evoke: Wand              |       |     3 |    18 |    23 |       ||    44
  Use: Scroll            |     1 |    10 |     6 |    10 |    22 ||    49
       Potion            |       |     2 |       |     3 |       ||     5
 Stab: Invisible         |       |     2 |       |       |       ||     2
       Distracted        |       |       |       |       |     2 ||     2
  Eat: Chunk             |     2 |    10 |    18 |    33 |    24 ||    87
       Ration            |       |       |     2 |     2 |     8 ||    12
Armor: Fire dragon scale |    47 |   170 |   243 |   440 |   536 ||  1436
       Scale mail        |       |       |     4 |     5 |    18 ||    27
Dodge: Dodged            |    35 |   124 |   191 |   421 |   381 ||  1152
Block: Buckler           |       |       |       |    36 |   168 ||   204
       Shield            |       |       |       |       |    61 ||    61
